 Dungeon Crawl Stone Soup version 0.21-a0-625-g1119ec1 (webtiles) character file.

155 Charly the Chopper (level 5, -2/50 HPs)
             Began as a Deep Dwarf Fighter on Dec 25, 2017.
             Slain by a phantom (4 damage)
             ... on level 5 of the Dungeon.
             The game lasted 00:03:36 (336 turns).

Charly the Chopper (Deep Dwarf Fighter)              Turns: 336, Time: 00:03:39

Health: -2/50      AC:  6    Str: 21    XL:     5   Next: 14%
Magic:  5/5        EV:  7    Int:  8    God:
Gold:   0          SH:  9    Dex: 12    Spells: 4/4 levels left

rFire    . . .     SeeInvis .   a - +0 war axe
rCold    . . .     Gourm    .   c - +0 shield
rNeg     . . .     Faith    .   b - +0 scale mail
rPois    .         Spirit   .   (no helmet)
rElec    .         Reflect  .   (no cloak)
rCorr    .         Harm     .   (no gloves)
MR       .....                  (no boots)
Stlth    ..........             (no amulet)
HPRegen  0.00/turn              e - ring of wizardry
MPRegen  0.09/turn              (no ring)

@: non-regenerating
A: damage resistance, heal wounds, sense surroundings 1, no regeneration
a: Heal Wounds


You were on level 5 of the Dungeon.
You were full.

You visited 1 branch of the dungeon, and saw 5 of its levels.

Inventory:

Hand Weapons
 a - a +0 war axe (weapon)
Armour
 b - a +0 scale mail (worn)
 c - a +0 shield (worn)
Jewellery
 e - a ring of wizardry (left hand)
Potions
 d - a potion of might
 g - a potion of degeneration
Comestibles
 f - 4 rations


   Skills:
 + Level 3.7 Fighting
 * Level 5.0 Axes
 - Level 3.2 Armour
 - Level 3.2 Shields


You had 4 spell levels left.
You didn't know any spells.

Dungeon Overview and Level Annotations

Branches:
Dungeon (5/15)
 Temple: D:4-7

Altars:


Innate Abilities, Weirdness & Mutations

You are resistant to damage.
You can heal yourself by infusing magical energy.
You passively map a small area around you.
You do not regenerate.


Message History

You closely miss the crimson imp.
The crimson imp is moderately wounded.
The crimson imp hits you.
You slash the crimson imp!
The crimson imp is severely wounded.
The crimson imp hits you but does no damage.
The crimson imp disappears for a moment.
You block the crimson imp's attack.
An orc comes into view. It is wielding a short sword.
You fail to use your ability.
The orc shouts!
You hear an angry hiss.
You hear a shout!
The crimson imp hits you but does no damage.
You hear a shout!
You completely miss the phantom.
The phantom is severely damaged.
You completely miss the crimson imp. The phantom hits you!
* * * LOW HITPOINT WARNING * * *
The crimson imp hits you but does no damage.
The phantom hits you.
You die...

####.# *
##########....# *
#...........######**
#.#######..........
, *
#...####..#########
###....#.## * *,
####.#.# , #...####
* , ##..@5.#
##W##..# #.# #.#
###.# ... , #...#
#o. * #.###* ..l.*
#.* * ,<.. #. , .. ,
, ,.. *, ,


You could see a phantom, an iguana, a crimson imp and an orc.

Vanquished Creatures
  A phantom (D:4)
  An orc priest (D:5)
  3 adders
  A leopard gecko (D:5)
  4 jackals
10 creatures vanquished.

Notes
Turn   | Place    | Note
-------+----------+-------------------------------------------
     0 | D:1      | Charly the Deep Dwarf Fighter began the quest for the Orb.
     0 | D:1      | Reached XP level 1. HP: 20/20 MP: 1/1
   193 | D:4      | Reached XP level 2. HP: 22/27 MP: 2/2
   197 | D:4      | Reached skill level 3 in Axes
   219 | D:4      | Noticed a phantom
   243 | D:4      | Killed a phantom
   243 | D:4      | Reached skill level 4 in Axes
   243 | D:4      | Reached XP level 3. HP: 15/34 MP: 3/3
   243 | D:4      | Reached XP level 4. HP: 19/43 MP: 4/4
   249 | D:5      | Entered Level 5 of the Dungeon
   287 | D:5      | Noticed a phantom
   303 | D:5      | Reached skill level 5 in Axes
   303 | D:5      | Reached XP level 5. HP: 22/50 MP: 5/5
   336 | D:5      | HP: 2/50 [phantom (5)]
   336 | D:5      | Slain by a phantom

Vault maps used:
D:1:      eino_arrival_cavern_e, minmay_misc_feat_iff, hangedman_decor_opposing
D:2:      lemuel_blue_sif_altar, hangedman_feature_mirror, solitary_fountain,
          hangedman_decor_clover_reticule
D:3:      uniq_terence
D:4:      serial_shops, shop_fountains
D:5:      first_ration, uniq_sigmund

Skill      XL: |  1  2  3  4 |
---------------+-------------+-----
Fighting       | 3 |  3.7
Axes           | 4 5 |  5.0
Armour         | |  3.2
Shields        | |  3.2

Action                   |  1- 3 |  4- 6 || total
-------------------------+-------+-------++-------
Melee: War axe           |    31 |    34 ||    65
  Use: Scroll            |     2 |       ||     2
  Eat: Ration            |     1 |       ||     1
Armor: Scale mail        |     5 |    15 ||    20
Dodge: Dodged            |    10 |     3 ||    13
Block: Shield            |    12 |    17 ||    29

Table legend:
 A = Spawn XP
 B = Non-spawn XP
 C = Spawn XP percentage of total XP
 D = Spawn monster count
 E = Non-spawn monster count
 F = Spawn count percentage of total count
 G = Total turns spent on level
                    A         B        C        D         E        F      G
               +---------+---------+-------+---------+---------+-------+---------
         Total |       0 |     222 |   0.0 |       0 |      10 |   0.0 |   336
               +---------+---------+-------+---------+---------+-------+---------
           D:2 |       0 |       4 |   0.0 |       0 |       2 |   0.0 |    27
           D:4 |       0 |     161 |   0.0 |       0 |       5 |   0.0 |   108
           D:5 |       0 |      57 |   0.0 |       0 |       3 |   0.0 |    87
               +---------+---------+-------+---------+---------+-------+---------
